 Dungeon Crawl Stone Soup version 0.17.1-3-g152610e (webtiles) character file.

200102 Goblin1989 the Scorcher (level 17, -7/92 HPs)
             Began as a Deep Elf Fire Elementalist on Mar 28, 2016.
             Was the Champion of Vehumet.
             Mangled by a vampiric bardiche (46 damage)
             ... on level 2 of the Elven Halls on Apr 1, 2016.
             The game lasted 06:42:06 (54922 turns).

Goblin1989 the Scorcher (DEFE)                     Turns: 54922, Time: 06:42:06

Health: -7/92      AC: 13    Str:  5    XL:     17   Next: 86%
Magic:  25/39      EV: 17    Int: 36    God:    Vehumet [******]
Gold:   2964       SH: 11    Dex: 15    Spells: 9 memorised, 1 level left

rFire  + + .     SeeInvis +     a - +8 whip "Doepeulu" {drain, Int+4}
rCold  + . .     Clarity  +     p - +2 robe {MR+}
rNeg   . . .     SustAt   .     Q - +1 shield of Gozag's Benevolence {rF+ rC++ Int+4}
rPois  .         Gourm    .     B - +2 hat {SInv}
rElec  .         Spirit   .     r - +2 cloak
rCorr  .         Warding  .     H - +2 pair of gloves {archery}
rMut   .         Stasis   .     T - +0 pair of boots
MR     ++...                    M - amulet of clarity
Stlth  ++........               G - ring of wizardry
                                F - ring of fire

@: hasted, very quick, very resistant to hostile enchantments, unstealthy
A: no striking features
a: Renounce Religion
}: 1/15 runes: barnacled


You were on level 2 of the Elven Halls.
You worshipped Vehumet.
Vehumet was exalted by your worship.
You were not hungry.

You visited 6 branches of the dungeon, and saw 34 of its levels.
You also visited: Ossuary.

You collected 3880 gold pieces.
You spent 916 gold pieces at shops.

Inventory:

Hand Weapons
 a - the +8 whip "Doepeulu" (weapon) {drain, Int+4}
   (You found it on level 8 of the Dungeon)

   A truly terrible weapon, it drains the life of those it strikes.
   It affects your intelligence (+4).
 b - the +1 flail of Unreason {pain, rElec Dex+6}
   (You found it on level 7 of the Lair of Beasts)

   In the hands of one skilled in necromantic magic, it inflicts extra damage on
   living creatures.
   It affects your dexterity (+6).
   It insulates you from electricity.
Armour
 p - a +2 robe of magic resistance (worn)
 r - a +2 cloak (worn)
 B - a +2 hat of see invisible (worn)
 H - a +2 pair of gloves of archery (worn)
 Q - the +1 shield of Gozag's Benevolence (worn) {rF+ rC++ Int+4}
   (You found it on level 11 of the Dungeon)

   It affects your intelligence (+4).
   It protects you from fire.
   It greatly protects you from cold.
 T - a +0 pair of boots (worn)
Jewellery
 f - an uncursed ring of magical power
 j - a +6 ring of evasion
 q - an uncursed ring of poison resistance
 C - an uncursed amulet of resist mutation
 F - a ring of fire (left hand)
 G - a ring of wizardry (right hand)
 M - an amulet of clarity (around neck)
 U - the ring of Bedit {rN+ SInv}
   (You found it on level 2 of the Lair of Beasts)

   [ring of see invisible]

   It protects you from negative energy.
   It lets you see invisible.
Wands
 y - a wand of digging (1)
 z - a wand of disintegration (5)
 E - a wand of teleportation (3)
 I - a wand of disintegration (15)
 P - a wand of disintegration (6)
 R - a wand of draining (5)
 W - a wand of teleportation (0)
Scrolls
 e - 9 scrolls of teleportation
 h - 9 scrolls of remove curse
 i - 7 scrolls of fear
 l - 3 scrolls of enchant armour
 o - 2 scrolls of holy word
 s - 5 scrolls of amnesia
 t - 2 scrolls of recharging
 J - 6 scrolls of identify
 K - 6 scrolls of fog
 N - 2 scrolls of magic mapping
 V - 4 scrolls of summoning
 X - a scroll of immolation
Potions
 g - 16 potions of curing
 k - 12 potions of heal wounds
 m - 4 potions of lignification
 n - 2 potions of magic
 v - 4 potions of brilliance
 w - 2 potions of resistance
 x - 5 potions of haste
 A - 2 potions of invisibility
 D - a potion of ambrosia
 L - a potion of flight
 S - 2 potions of cure mutation
Comestibles
 c - 16 bread rations
 d - 6 royal jellies
 u - 10 fruits
 O - 7 meat rations


   Skills:
 - Level 5.0 Fighting
 - Level 10.1 Dodging
 - Level 2.4 Stealth
 * Level 8.2 Shields
 + Level 16.8 Spellcasting
 * Level 19.4 Conjurations
 - Level 3.0 Charms
 * Level 19.5 Fire Magic
 - Level 0.8 Air Magic


You had one spell level left.
You knew the following spells:

 Your Spells              Type           Power        Failure   Level  Hunger
a - Fireball              Conj/Fire      ########..   1%          5    None
b - Conjure Flame         Conj/Fire      ########     0%          3    None
c - Deflect Missiles      Chrm/Air       #####.....   85%         6    None
d - Fire Storm            Conj/Fire      ########..   12%         9    ######.
e - Sticky Flame          Conj/Fire      ########     0%          4    None
g - Bolt of Fire          Conj/Fire      ########..   1%          6    None
h - Delayed Fireball      Conj/Fire      N/A          1%          7    ###....
i - Orb of Destruction    Conj           ########..   1%          7    ###....
j - Iron Shot             Conj/Erth      #######...   1%          6    None


Dungeon Overview and Level Annotations

Branches:
Dungeon (15/15)            Temple (1/1) D:5            Lair (8/8) D:9
 Shoals (4/4) Lair:5       Spider (0/4) Lair:5        Slime (0/6) Lair:7
    Orc (4/4) D:11            Elf (2/3) Orc:3        Vaults (0/5) D:14
 Depths: D:15

Altars:
Ashenzari
Cheibriados
Dithmenos
Elyvilon
Fedhas
Gozag
Kikubaaqudgha
Makhleb
Nemelex Xobeh
Okawaru
Qazlal
Ru
Sif Muna
Trog
Vehumet
Xom
Yredelemnul
Zin
The Shining One
Beogh
Jiyva
Lugonu

Shops:
D:10 }   Orc:2 !   Orc:4 ([*:?   Elf:1 *   Shoals:2 [

Annotations:
D:3 Alipheese's ghost, amateur NaFi
D:4 1 exclusion
Lair:2 exclusion: oklob plant
Lair:4 exclusion: 3 oklob plants
Lair:7 exclusion: 2 downstairs


Message History

The vampiric bardiche resists.
The vampiric bardiche is lightly damaged.
Casting: Fireball
Confirm with . or Enter, or press ? or * to list all spells.
Aiming: Fireball
Press: ? - help, Shift-Dir - straight line You feel a surge of power!
The fireball explodes!
The fireball engulfs the vampiric bardiche.
The vampiric bardiche resists.
The vampiric bardiche is moderately damaged.
The vampiric bardiche hits you!!!
The vampiric bardiche draws strength from your injuries!
Char dumped successfully.
Press: ? - help, v - describe, . - travel
Here: a vampiric bardiche The floor.
Drink which item? (? for menu, Esc to quit)
You feel yourself speed up. The vampiric bardiche hits you!!!
Ouch! That really hurt!
You die...

'#############################..#
..............[..............#..#
.............................#..#
'###>.#########...######'##..+..#
.§§'§§#.......#...#.......#..#..#
..§#§v#.......#...#.......#..#..#
...#§§#.......#.).#.......#..#..#
####§§#####'###...#########..#..#
...v§§...e[.....@............#..#
...§v§.).))....(.............'..#
########[##################'##..#
.........[....................)..
.........[)..............[.......
..................<.....[.)......
.........).[)....................
...........)[[...e(..............
...........(........#.....#......


You could see a deep elf knight and a vampiric bardiche.

Vanquished Creatures
  The ghost of nublet the Bludgeoner, an adept OgWr of Okawaru (D:14)
  A kraken (Shoals:2)
  Gastronok (Orc:1)
  Frances (Shoals:1)
  Kirke (Lair:7)
  Ilsuiw (Shoals:4)
  An orc warlord (Orc:4)
  The ghost of Alipheese the Cleaver, a journeyman NaFi of Okawaru (Elf:1)
  A deep elf demonologist (Elf:2)
  Azrael (Elf:1)
  A dire elephant (Lair:8)
  4 merfolk javelineers
  2 deep elf death magi
  10 merfolk impalers
  Josephine (Orc:4)
  The ghost of Alipheese the Cruncher, a journeyman NaWn of Okawaru (Lair:3)
  The ghost of juanjsm the Unseen, a journeyman SpEn of Ashenzari (Lair:6)
  An ogre mage (D:14)
  8 hydras
  Harold (Lair:2)
  A hell beast (Lair:8)
  Erica (D:8)
  3 centaur warriors
  5 merfolk avatars
  3 tengu warriors
  3 alligator snapping turtles
  2 catoblepae
  4 dancing weapons (Elf:2)
  5 merfolk aquamancers
  3 death yaks (Lair:7)
  A satyr (Shoals:4)
  3 orc high priests (Orc:4)
  Urug (Lair:2)
  8 deep elf knights
  Nergalle (Lair:1)
  A fire crab (Lair:5)
  6 unseen horrors
  3 skeletal warriors (D:14)
  17 sea snakes
  10 deep elf summoners
  Pikel (D:7)
  6 hill giants
  A wizard (Lair:8)
  7 deep elf conjurers
  9 griffons
  2 ugly things
  5 orc knights
  4 orc sorcerers (Orc:4)
  5 harpies
  2 cyclopes
  15 manticores
  3 fauns (Shoals:3)
  A wolf spider (shapeshifter) (D:14)
  10 water nymphs
  3 black mambas
  17 sirens
  19 elephants
  Psyche (D:8)
  20 spiny frogs
  An orange demon (Lair:8)
  3 gargoyles
  8 komodo dragons
  6 deep elf priests
  A red devil (Lair:8)
  A blue devil (Lair:8)
  30 merfolk
  3 fire drakes
  A queen bee (D:11)
  A polar bear (Lair:7)
  9 trolls
  Prince Ribbit (D:7)
  2 wind drakes
  6 two-headed ogres
  2 boulder beetles
  9 snapping turtles
  4 slime creatures
  A centaur simulacrum (D:14)
  5 blink frogs (Lair:5)
  5 wyverns
  A redback (Lair:5)
  9 water elementals
  2 trapdoor spiders
  A vampire (D:9)
  6 wraiths
  13 deep elf magi
  5 hogs (Lair:7)
  10 hippogriffs
  56 yaks
  3 basilisks
  5 fire elementals (Elf:1)
  3 fire bats
  13 deep elf fighters
  A mottled dragon (D:11)
  Menkaure (D:4)
  3 hungry ghosts
  A redback simulacrum (D:14)
  10 wolves
  A warg (D:15)
  A trapdoor spider simulacrum (D:14)
  3 hell hounds
  5 sky beasts
  The ghost of Goblin1989 the Sneak, an amateur VSAs (D:6)
  16 water moccasins
  41 orc warriors
  2 spiders (Lair:5)
  17 porcupines
  2 soldier ants
  A wasp (D:13)
  7 ice beasts
  4 slaves (D:7)
  3 phantoms
  8 black bears
  A necrophage (D:12)
  19 centaurs
  17 ogres
  2 big kobolds
  20 crocodiles
  24 giant frogs
  3 gnoll sergeants (D:8)
  A wyvern zombie (D:13)
  A wyvern skeleton (D:13)
  A water moccasin skeleton (D:7)
  32 killer bees
  5 scorpions
  13 electric eels
  17 wights
  2 quasits
  6 crimson imps
  4 jellies
  4 centaur zombies
  2 gnoll shamans (D:8)
  5 centaur skeletons
  Crazy Yiuf (D:7)
  11 iguanas
  40 orc priests
  7 hounds
  45 orc wizards
  6 giant frog skeletons
  12 worker ants
  30 sheep
  A hound zombie (D:8)
  A hound skeleton (D:8)
  8 mummies (Ossuary)
  5 worker ant zombies
  14 adders
  2 gnolls (D:7)
  67 river rats
  3 shadow imps
  3 white imps (D:14)
  A worker ant simulacrum (D:9)
  2 ufetubi (D:14)
  2 oozes
  An adder skeleton (D:9)
  An adder zombie (D:8)
  2 worms (D:4)
  5 giant geckos
  195 orcs
  2 ball pythons
  5 bats
  10 giant cockroaches
  5 goblins
  6 hobgoblins
  22 jackals
  9 kobolds
  7 quokkas
  A giant gecko skeleton (D:4)
  A giant newt (D:5)
  A gnoll zombie (Ossuary)
  2 hobgoblin zombies (Ossuary)
  A jackal skeleton (D:7)
  4 kobold zombies (Ossuary)
  An orc zombie (Ossuary)
  17 rats
  4 bushes
  15 fungi
  32 plants
  2 tentacles (Shoals:2)
1397 creatures vanquished.

Vanquished Creatures (others)
  A bush (Lair:8)
  3 fire vortices (Elf:2)
  A fulminant prism (Lair:6)
  39 fungi
  30 plants
  6 tentacles (Shoals:2)
  48 tentacle segments (Shoals:2)
  16 toadstools (Lair:2)
144 creatures vanquished.

Grand Total: 1541 creatures vanquished

Notes
Turn   | Place    | Note
--------------------------------------------------------------
     0 | D:1      | Goblin1989 the Deep Elf Fire Elementalist began the quest for the Orb.
     0 | D:1      | Reached XP level 1. HP: 10/10 MP: 6/6
   190 | D:1      | Reached XP level 2. HP: 15/15 MP: 4/8
  1210 | D:2      | Found a glowing silver altar of Zin.
  1210 | D:2      | Found an opulent altar of Gozag.
  1411 | D:2      | Reached skill level 4 in Fire Magic
  1411 | D:2      | Reached XP level 3. HP: 19/19 MP: 5/9
  1592 | D:2      | Learned a level 3 spell: Conjure Flame
  1596 | D:2      | Learned a level 3 spell: Inner Flame
  1718 | D:2      | Found a faded altar to an unknown god.
  2007 | D:2      | Found a sparkling altar of Nemelex Xobeh.
  2477 | D:3      | Noticed Alipheese's ghost (amateur NaFi)
  2954 | D:2      | Reached XP level 4. HP: 22/24 MP: 4/11
  3515 | D:3      | Found a sacrificial altar of Ru.
  3893 | D:4      | Learned a level 2 spell: Throw Flame
  4060 | D:4      | Noticed a giant frog
  4086 | D:4      | Killed a giant frog
  4086 | D:4      | Reached skill level 5 in Fire Magic
  4086 | D:4      | Reached XP level 5. HP: 16/28 MP: 1/13
  4209 | D:4      | You fall through a shaft for 2 floors!
  4378 | D:5      | Entered Level 5 of the Dungeon
  4483 | D:4      | Noticed Menkaure
  4484 | D:4      | Noticed a phantom
  4720 | D:4      | Reached XP level 6. HP: 32/32 MP: 8/14
  5475 | D:4      | Killed Menkaure
  5475 | D:4      | Reached skill level 5 in Spellcasting
  5475 | D:4      | Reached skill level 5 in Conjurations
  5475 | D:4      | Reached skill level 6 in Fire Magic
  5567 | D:3      | Reached XP level 7. HP: 12/36 MP: 10/16
  5865 | D:3      | Learned a level 4 spell: Sticky Flame
  6003 | D:4      | Noticed a moth of wrath
  6141 | D:4      | Found a bloodstained altar of Trog.
  6479 | D:4      | Killed a phantom
  6871 | D:5      | Noticed an ogre
  6904 | D:5      | Killed an ogre
  6925 | D:5      | Reached skill level 7 in Fire Magic
  7098 | D:5      | Noticed an ogre
  7107 | D:5      | Killed an ogre
  7107 | D:5      | Reached XP level 8. HP: 41/41 MP: 10/19
  7212 | D:5      | Learned a level 5 spell: Fireball
  7702 | D:5      | Noticed a centaur
  7723 | D:5      | Killed a centaur
  8239 | D:5      | Found a staircase to the Ecumenical Temple.
  8239 | D:5      | Noticed a centaur
  8246 | D:5      | Killed a centaur
  8246 | D:5      | Reached skill level 8 in Fire Magic
  8250 | Temple   | Entered the Ecumenical Temple
  8524 | D:6      | Noticed Goblin1989's ghost (amateur VSAs)
  8531 | D:6      | Killed Goblin1989's ghost
  8822 | D:6      | Noticed a centaur
  9294 | D:7      | Found a sand-covered staircase.
  9305 | Ossuary  | Entered an ossuary
  9715 | D:7      | Reached XP level 9. HP: 45/45 MP: 15/21
 10011 | D:7      | Reached skill level 9 in Fire Magic
 10166 | D:7      | Found an iron altar of Okawaru.
 10186 | D:7      | Noticed Prince Ribbit
 10208 | D:7      | Noticed Pikel
 10353 | D:6      | Killed a centaur
 10825 | D:6      | Found a shimmering altar of Xom.
 10898 | D:6      | Found a shadowy altar of Dithmenos.
 11071 | D:7      | Killed Pikel
 11488 | D:7      | Reached skill level 10 in Fire Magic
 11504 | D:7      | Found a burning altar of Makhleb.
 11505 | D:7      | Found a radiant altar of Vehumet.
 11510 | D:7      | Became a worshipper of Vehumet
 11608 | D:7      | Noticed Crazy Yiuf
 11618 | D:7      | Killed Crazy Yiuf
 11706 | D:7      | Killed Prince Ribbit
 12390 | D:7      | Reached * piety under Vehumet
 12390 | D:7      | Offered knowledge of Shock by Vehumet.
 12595 | D:7      | Reached skill level 10 in Conjurations
 12595 | D:7      | Reached XP level 10. HP: 41/50 MP: 20/24
 13250 | D:8      | Noticed Psyche
 13564 | D:9      | Found a stormy altar of Qazlal.
 14549 | D:9      | Found a staircase to the Lair.
 14723 | D:9      | Noticed a red ugly thing
 14733 | D:10     | Entered Level 10 of the Dungeon
 14741 | D:10     | Reached skill level 11 in Fire Magic
 14823 | D:10     | Offered knowledge of Searing Ray by Vehumet.
 14823 | D:10     | Reached skill level 5 in Dodging
 15546 | D:10     | Reached ** piety under Vehumet
 15845 | D:10     | Found Odeseig's Gadget Shoppe.
 16052 | D:10     | Noticed a hill giant
 16074 | D:10     | Killed a hill giant
 16308 | Lair:1   | Entered Level 1 of the Lair of Beasts
 16440 | Lair:1   | Reached XP level 11. HP: 54/54 MP: 19/26
 16636 | Lair:1   | Noticed Nergalle
 16638 | Lair:1   | Killed Nergalle
 16638 | Lair:1   | Reached skill level 10 in Spellcasting
 17025 | Lair:1   | Offered knowledge of Ignite Poison by Vehumet.
 17520 | Lair:2   | Noticed Harold
 17791 | Lair:2   | Got a translucent copper ring
 17796 | Lair:2   | Identified the ring of Bedit {rN+ SInv} (You found it on level 2 of the Lair of Beasts)
 17852 | Lair:2   | Reached skill level 12 in Fire Magic
 17925 | Lair:2   | Reached *** piety under Vehumet
 18072 | Lair:2   | Killed Harold
 18206 | Lair:2   | Noticed Urug
 18315 | Lair:2   | Killed Urug
 18896 | Lair:2   | Found a blossoming altar of Fedhas.
 19170 | Lair:3   | Got a jewelled leather armour
 19181 | Lair:3   | Identified the +1 leather armour of Oweliy {-Tele Str+5 Int+4 Slay+3} (You found it on level 3 of the Lair of Beasts)
 19281 | Lair:3   | Reached XP level 12. HP: 59/59 MP: 28/28
 19290 | Lair:3   | Noticed a seven-headed hydra
 19294 | Lair:3   | Killed a seven-headed hydra
 19419 | Lair:3   | Offered knowledge of Force Lance by Vehumet.
 19742 | Lair:3   | Noticed Alipheese's ghost (journeyman NaWn)
 19995 | Lair:3   | Killed Alipheese's ghost
 20165 | Lair:3   | Reached skill level 10 in Dodging
 20168 | Lair:3   | Reached skill level 13 in Fire Magic
 20705 | Lair:4   | Reached **** piety under Vehumet
 20838 | Lair:4   | Reached skill level 1 in Fighting
 20945 | Lair:4   | Offered knowledge of Venom Bolt by Vehumet.
 22146 | Lair:5   | Noticed an eight-headed hydra
 22151 | Lair:5   | Killed an eight-headed hydra
 22645 | Lair:5   | Reached ***** piety under Vehumet
 22646 | Lair:5   | Offered knowledge of Ozocubu's Refrigeration by Vehumet.
 22855 | Lair:5   | Noticed an eight-headed hydra
 22863 | Lair:5   | Killed an eight-headed hydra
 22995 | Lair:5   | Reached XP level 13. HP: 35/68 MP: 20/31
 23262 | Lair:5   | Reached skill level 14 in Fire Magic
 23315 | Lair:5   | Found a staircase to the Shoals.
 23508 | Lair:5   | Found a hole to the Spider Nest.
 23859 | Lair:6   | Noticed juanjsm's ghost (journeyman SpEn)
 24231 | Lair:6   | Killed juanjsm's ghost
 24786 | Lair:7   | Learned a level 6 spell: Bolt of Fire
 25196 | Lair:7   | Noticed Kirke
 25575 | Lair:7   | Found a staircase to the Slime Pits.
 25576 | Lair:7   | Found a viscous altar of Jiyva.
 25582 | Lair:7   | Got an ancient flail
 25583 | Lair:7   | Identified the cursed +1 flail of Unreason {pain, rElec Dex+6} (You found it on level 7 of the Lair of Beasts)
 25828 | Lair:7   | Killed Kirke
 26197 | Lair:7   | Offered knowledge of Delayed Fireball by Vehumet.
 26197 | Lair:7   | Reached skill level 15 in Fire Magic
 26206 | Lair:7   | Learned a level 7 spell: Delayed Fireball
 26448 | Lair:8   | Entered Level 8 of the Lair of Beasts
 26493 | Lair:8   | Noticed a dire elephant
 26823 | D:9      | Killed a red ugly thing
 27083 | D:8      | Noticed Erica
 27086 | D:8      | Killed Erica
 27089 | D:8      | Killed Psyche
 27295 | D:8      | Found a shimmering altar of Xom.
 27320 | D:8      | Reached skill level 15 in Conjurations
 27427 | D:8      | Reached XP level 14. HP: 76/76 MP: 26/33
 27724 | D:8      | Got a fine whip
 27726 | D:8      | Identified the +8 whip "Doepeulu" {drain, Int+4} (You found it on level 8 of the Dungeon)
 29458 | D:11     | Offered knowledge of Spellforged Servitor by Vehumet.
 29461 | D:11     | Noticed a manticore
 29462 | D:11     | Killed a manticore
 29625 | D:11     | Noticed a tengu warrior
 29629 | D:11     | Killed a tengu warrior
 29686 | D:11     | Got a bloodstained shield
 29692 | D:11     | Identified the +1 shield of Gozag's Benevolence {rF+ rC++ Int+4} (You found it on level 11 of the Dungeon)
 29779 | D:11     | Reached skill level 5 in Fighting
 30415 | D:11     | Noticed an unseen horror
 30418 | D:11     | Killed an unseen horror
 30474 | D:11     | Reached skill level 1 in Shields
 30970 | D:11     | Found a staircase to the Orcish Mines.
 31434 | Orc:1    | Entered Level 1 of the Orcish Mines
 31443 | Orc:1    | Offered knowledge of Bolt of Magma by Vehumet.
 31756 | Orc:1    | Found a roughly hewn altar of Beogh.
 32239 | Orc:2    | Found Ashraargh's Distillery.
 32290 | Orc:2    | Bought a potion of magic for 104 gold pieces
 32290 | Orc:2    | Bought a potion of flight for 39 gold pieces
 32290 | Orc:2    | Bought a potion of resistance for 130 gold pieces
 32290 | Orc:2    | Bought a potion of heal wounds for 65 gold pieces
 32435 | Orc:3    | Found a staircase to the Elven Halls.
 33169 | Orc:1    | Noticed Gastronok
 33340 | Orc:1    | Killed Gastronok
 33775 | Orc:3    | Offered knowledge of Orb of Destruction by Vehumet.
 33785 | Orc:3    | Learned a level 7 spell: Orb of Destruction
 34190 | Orc:4    | Entered Level 4 of the Orcish Mines
 34306 | Orc:4    | Found Kakhuseo's Magic Scroll Boutique.
 34306 | Orc:4    | Noticed Josephine
 34308 | Orc:4    | Killed Josephine
 34430 | Orc:4    | Reached skill level 16 in Fire Magic
 34751 | Orc:4    | Bought a scroll of teleportation for 39 gold pieces
 34751 | Orc:4    | Bought a scroll of remove curse for 39 gold pieces
 34751 | Orc:4    | Bought a scroll of fear for 45 gold pieces
 34751 | Orc:4    | Bought a scroll of fog for 26 gold pieces
 34751 | Orc:4    | Bought a scroll of blinking for 97 gold pieces
 34751 | Orc:4    | Bought a scroll of magic mapping for 45 gold pieces
 34751 | Orc:4    | Bought a scroll of teleportation for 39 gold pieces
 34751 | Orc:4    | Bought a scroll of identify for 26 gold pieces
 34751 | Orc:4    | Bought a scroll of identify for 26 gold pieces
 34751 | Orc:4    | Bought a scroll of identify for 26 gold pieces
 35369 | Orc:4    | Offered knowledge of Conjure Ball Lightning by Vehumet.
 35530 | Orc:4    | Noticed an orc warlord
 35784 | Orc:4    | Killed an orc warlord
 36323 | Orc:4    | Found Diakkur's Antique Armour Emporium.
 36324 | Orc:4    | Found Todeolu's Antique Weapon Emporium.
 36325 | Orc:4    | Found Nonoos's General Store.
 36325 | Orc:4    | Found Ydueckawk's Book Shoppe.
 37115 | Lair:8   | Reached XP level 15. HP: 82/82 MP: 21/35
 37435 | Lair:8   | Killed a dire elephant
 38738 | Shoals:1 | Entered Level 1 of the Shoals
 39182 | D:11     | Reached ****** piety under Vehumet
 39352 | D:11     | Reached skill level 17 in Fire Magic
 39481 | D:12     | Offered knowledge of Iron Shot by Vehumet.
 40016 | D:12     | Learned a level 6 spell: Iron Shot
 41588 | D:14     | Found a gate to the Vaults.
 41776 | D:14     | Noticed nublet's ghost (adept OgWr)
 42091 | D:14     | Reached skill level 15 in Spellcasting
 42467 | D:14     | Reached skill level 5 in Shields
 42623 | D:14     | Identified the Almanac of the Cankerous Escort
 42737 | D:14     | Killed nublet's ghost
 42839 | D:15     | Entered Level 15 of the Dungeon
 43183 | D:15     | Offered knowledge of Lehudib's Crystal Spear by Vehumet.
 43183 | D:15     | Offered knowledge of Fire Storm by Vehumet.
 43183 | D:15     | Offered knowledge of Glaciate by Vehumet.
 43598 | D:11     | Learned a level 6 spell: Deflect Missiles
 44060 | Lair:5   | Reached skill level 1 in Charms
 44060 | Lair:5   | Reached XP level 16. HP: 76/87 MP: 28/37
 45597 | Shoals:1 | Noticed Frances
 45600 | Shoals:1 | Killed Frances
 46114 | Shoals:1 | Reached skill level 18 in Fire Magic
 46836 | Shoals:2 | Found Seownesch's Antique Armour Boutique.
 49401 | Shoals:4 | Entered Level 4 of the Shoals
 49429 | Shoals:4 | Identified Ojuntog's Disquisition on the Snowflakes and Clay
 49466 | Shoals:4 | Identified Bity's Sophisticated Witchery
 49919 | Shoals:4 | Noticed Ilsuiw
 49933 | Shoals:4 | Killed Ilsuiw
 49933 | Shoals:4 | Reached XP level 17. HP: 70/92 MP: 24/39
 50364 | Shoals:3 | Learned a level 9 spell: Fire Storm
 50457 | Shoals:4 | Reached skill level 19 in Fire Magic
 51465 | Shoals:4 | Got a barnacled rune of Zot
 52177 | Elf:1    | Entered Level 1 of the Elven Halls
 52201 | Elf:1    | Noticed Alipheese's ghost (journeyman NaFi)
 52209 | Elf:1    | Killed Alipheese's ghost
 52542 | Elf:1    | Found Wicsylli's General Store.
 52555 | Elf:1    | Bought a potion of resistance for 170 gold pieces
 52692 | Elf:1    | Noticed Azrael
 52697 | Elf:1    | Killed Azrael
 53131 | Elf:1    | Got a colourful robe
 53142 | Elf:1    | Identified the +1 robe of Viesosh {rC++} (You found it on level 1 of the Elven Halls)
 53976 | Elf:2    | Found a runed gate.
 54049 | Elf:2    | Found a runed gate.
 54051 | Elf:2    | Found a runed gate.
 54922 | Elf:2    | Mangled by a vampiric bardiche

Action                   |  1- 3 |  4- 6 |  7- 9 | 10-12 | 13-15 | 16-18 || total
-------------------------+-------+-------+-------+-------+-------+-------++-------
Melee: Dagger            |       |     4 |   293 |       |       |       ||   297
       Whip              |       |       |     2 |   211 |    78 |    11 ||   302
 Cast: Flame Tongue      |    74 |    80 |   365 |    73 |     3 |       ||   595
       Conjure Flame     |     2 |    10 |    20 |     6 |     1 |       ||    39
       Inner Flame       |     1 |     3 |     5 |     2 |       |       ||    11
       Throw Flame       |       |     6 |    36 |    13 |     3 |       ||    58
       Fireball          |       |       |     5 |   259 |   742 |   395 ||  1401
       Sticky Flame      |       |       |     2 |     5 |    30 |       ||    37
       Bolt of Fire      |       |       |       |       |    33 |    17 ||    50
       Delayed Fireball  |       |       |       |       |     2 |     6 ||     8
       Orb of Destructio |       |       |       |       |     9 |     9 ||    18
       Iron Shot         |       |       |       |       |       |    30 ||    30
       Fire Storm        |       |       |       |       |       |     1 ||     1
 Abil: Release Delayed F |       |       |       |       |     2 |     6 ||     8
Evoke: Wand              |       |       |    13 |     4 |     4 |       ||    21
  Use: Scroll            |     2 |     4 |    14 |    10 |    15 |     3 ||    48
       Potion            |       |     1 |     3 |     5 |     1 |     3 ||    13
 Stab: Invisible         |       |     2 |       |       |       |       ||     2
  Eat: Chunk             |     4 |     4 |     6 |    39 |    58 |    17 ||   128
       Beef jerky        |     1 |       |     1 |     1 |       |     1 ||     4
       Fruit             |     1 |       |       |    10 |    17 |    12 ||    40
       Meat ration       |       |     1 |     1 |     1 |     1 |     1 ||     5
       Bread ration      |       |       |     2 |     3 |       |       ||     5
       Royal jelly       |       |       |       |     1 |       |     2 ||     3
       Pizza             |       |       |       |       |     4 |     1 ||     5
